 Dungeon Crawl Stone Soup version 0.26.1-11-gd32895ea62 (webtiles) character file.

Game seed: 3929552098532561789

368 Zeld the Slasher (level 7, -4/52 HPs)
             Began as a Human Gladiator on June 12, 2021.
             Slain by an ogre
             ... wielding a +0 giant spiked club
              (20 damage)
             ... on level 3 of the Dungeon.
             The game lasted 00:04:47 (4626 turns).

Zeld the Slasher (Human Gladiator)                  Turns: 4626, Time: 00:04:47

Health: -4/52      AC:  6    Str: 17    XL:     7   Next: 1%
Magic:  7/7        EV: 13    Int:  8    God:
Gold:   253        SH:  0    Dex: 14    Spells: 6/6 levels left

rFire    . . .     SeeInvis .   a - +0 long sword
rCold    . . .     Faith    .   (no shield)
rNeg     . . .     Spirit   .   b - +0 leather armour
rPois    .         Reflect  .   c - +0 helmet
rElec    .         Harm     .   (no cloak)
rCorr    .         Rampage  .   l - +1 pair of gloves
Will     .....                  (no boots)
Stlth    +.........             (no amulet)
HPRegen  0.17/turn              (no ring)
MPRegen  0.10/turn              (no ring)

@: no status effects
A: no striking features
a: no special abilities


You were on level 3 of the Dungeon.
You visited 1 branch of the dungeon, and saw 5 of its levels.

You collected 253 gold pieces.

Inventory:

Hand Weapons
 a - a +0 long sword (weapon)
Missiles
 g - 169 stones (quivered)
Armour
 b - a +0 leather armour (worn)
 c - a +0 helmet (worn)
 l - a +1 pair of gloves (worn)
Jewellery
 n - an uncursed ring of flight {unknown}
 t - an uncursed ring of resist corrosion {unknown}
Scrolls
 e - a scroll of teleportation {unknown}
 h - 4 scrolls of identify {unknown}
 i - a scroll of fear {unknown}
 j - 3 scrolls of remove curse {unknown}
 k - a scroll of immolation {unknown}
 m - a scroll of fog {unknown}
 s - a scroll of enchant weapon {unknown}
Potions
 f - a potion of heal wounds {unknown}
 o - a potion of degeneration {unknown}
 p - 2 potions of invisibility {unknown}
 q - a potion of resistance {unknown}
 r - a potion of haste {unknown}


   Skills:
 + Level 3.2 Fighting
 * Level 4.7 Long Blades
 * Level 4.3 Throwing
 + Level 4.0 Dodging


You had 6 spell levels left.
You didn't know any spells.
Your spell library was empty.

Dungeon Overview and Level Annotations

Branches:
Dungeon (5/15)
 Temple: D:4-7

Altars:
Makhleb

Annotations:
D:5 2 transporters, buriedalive's ghost, amateur DEIE


Message History

You slash the quokka!
You kill the quokka!
You aren't carrying any items that you can evoke.
Unknown command.
Found 8 gold pieces.
You see here 8 gold pieces.
The white imp lashes its tail.
Found a scroll labelled IZXYBEGHURCHY.
Found 8 gold pieces.
A bat comes into view.
The bat barely misses you.
You slash the bat!
You kill the bat!
The ogre barely misses you.
You riposte.
You hit the ogre but do no damage.
A rat comes into view.
Found 16 gold pieces.
There is a stone staircase leading up here.
There is a stone staircase leading up here.
The ogre hits you with a +0 giant spiked club!!
You die...

.####..≈.. .b....≈≈≈
#≈≈≈.# #.?# #### . +#
#####..# #... #.. ##.
....#..#####.## #...#..
...........r..5.
.......######..#.r...r##
#...@## #..#.######
#.###O####..#.#
#.n..r.<..#
#.##.###..#######
..###.# #......##. ..#.
#.###...##.##. ... ..
#.......# ##. #. .#.
##.###..# #. # ....
.........# #r


You could see an ogre and a necrophage.

Vanquished Creatures
  A bullfrog (D:5)
  2 orc wizards (D:5)
  A bullfrog skeleton (D:4)
  An iguana (D:5)
  A worker ant (D:4)
  A hound skeleton (D:4)
  3 gnolls
  2 adders
  3 oozes
  An adder skeleton (D:4)
  5 worms
  A dart slug (D:1)
  3 leopard geckos
  4 orcs
  3 giant cockroaches
  8 goblins
  11 hobgoblins
  3 jackals (D:2)
  5 kobolds
  2 quokkas
  8 bats
  2 frilled lizards
  7 rats
78 creatures vanquished.

Notes
Turn   | Place    | Note
-------+----------+-------------------------------------------
     0 | D:1      | Zeld the Human Gladiator began the quest for the Orb.
     0 | D:1      | Reached XP level 1. HP: 16/16 MP: 1/1
    26 | D:1      | Reached XP level 2. HP: 18/22 MP: 2/2
   329 | D:1      | Reached XP level 3. HP: 8/27 MP: 3/3
  1288 | D:2      | Found a burning altar of Makhleb.
  1310 | D:2      | Reached XP level 4. HP: 28/34 MP: 4/4
  2534 | D:3      | You fall into a shaft and drop 2 floors!
  2534 | D:5      | Entered Level 5 of the Dungeon
  2538 | D:5      | Noticed a bullfrog
  2556 | D:5      | Killed a bullfrog
  2557 | D:5      | Reached XP level 5. HP: 27/40 MP: 5/5
  2700 | D:5      | Found a transporter.
  2702 | D:5      | Found a transporter.
  2704 | D:5      | Noticed buriedalive's ghost (amateur DEIE)
  2736 | D:5      | Noticed a hornet
  2756 | D:5      | Reached XP level 6. HP: 42/46 MP: 6/6
  4439 | D:4      | Noticed an ogre
  4490 | D:4      | Noticed an ogre
  4520 | D:3      | Noticed a necrophage
  4532 | D:3      | Reached XP level 7. HP: 9/52 MP: 7/7
  4536 | D:3      | HP: 2/52 [poisoned by an adder]
  4544 | D:3      | HP: 2/52 [poisoned by an adder]
  4626 | D:3      | Slain by an ogre

Illustrated notes

Levels and vault maps discovered:
D:1:      amcnicky_arrival_feature_with_door, layout_rooms
D:2:      layout_basic, minmay_misc_feat_more_columns, bloody_makhleb
D:3:      layout_loops_ring, ashenzari_altar_1, lemuel_doored_altar,
          serial_rivers, chequers_serial_rivers_room_b,
          chequers_serial_rivers_micro_b, chequers_serial_rivers_large_a,
          chequers_serial_rivers_micro_b, chequers_serial_rivers_small_a,
          nemelex_diamond_rough_becter, uniq_natasha
D:4:      layout_rooms, uniq_eustachio
D:5:      layout_loops_ring, gammafunk_ghost_hive, okawaru_metal_pillars_1_2

Skill      XL: |  1  2  3  4  5  6 |
---------------+-------------------+-----
Throwing       | 3 4 |  4.3
Long Blades    | 4 |  4.7
Fighting       | 3 |  3.2
Dodging        | 4 |  4.0

Action                   |  1- 3 |  4- 6 |  7- 9 || total
-------------------------+-------+-------+-------++-------
Melee: Long sword        |    67 |   184 |     3 ||   254
Throw: Throwing net      |       |     5 |       ||     5
       Stone             |       |     1 |       ||     1
Armor: Leather armour    |    14 |    78 |     2 ||    94
Dodge: Dodged            |    52 |   161 |     4 ||   217
       Rpst.: Long sword |    22 |    42 |     1 ||    65
